 Dungeon Crawl Stone Soup version 0.31.0-1-g2c135a0 (webtiles) character file.

Game seed: 11768794097968037608

1812323 ww7 the Grand Scion (level 26, 192/244 HPs)
             Began as a Hill Orc Reaver on Apr 8, 2024.
             Was a High Priest of Hepliaklqana.
             Escaped with the Orb
             ... and 3 runes!
             The game lasted 03:22:25 (56486 turns).

ww7 the Grand Scion (Hill Orc Reaver)              Turns: 56486, Time: 03:22:25

Health: 192/244    AC: 33    Str: 35    XL:     26   Next: 49%
Magic:  36/40      EV: 18    Int: 15    God:    Hepliaklqana [*****.]
Gold:   2111       SH: 31    Dex: 15    Spells: 25/28 levels left

rFire   + + .        y - +8 demon trident (heavy)
rCold   + . .        X - +8 tower shield {rC+}
rNeg    + . .        S - +4 fire dragon scales "Aguasi" {^Drain rPois rF++ rC- rN+ SInv}
rPois   +            W - +3 crown of Dyrovepreva {rElec Int+2 SInv}
rElec   +            t - scarf {rC+ rF+}
rCorr   .            v - +2 pair of gloves
SInv    +            B - +2 pair of boots
Will    ++...        M - amulet of Emnuddug {Rampage +Inv rF- Regen+ Str+9} Stlth
                     r - ring of willpower
HPRegen 1.40/turn    c - ring of the Garden {AC+4 Str+3 Dex+4}
MPRegen 0.27/turn

%: rampage
@: studying 2 skills
A: reduced essence, clumsy 1, robust 1
0: Orb of Zot
}: 3/15 runes: barnacled, silver, gossamer
a: Renounce Religion, Evoke Invisibility, Recall Ancestor, Ancestor Identity,
Transference, Idealise


You escaped.
You worshipped Hepliaklqana.
Hepliaklqana was extremely pleased with you.
You visited 9 branches of the dungeon, and saw 45 of its levels.
You visited 1 ziggurat, and saw 4 of its levels.
You also visited: Gauntlet and Ice Cave.

You collected 7202 gold pieces.
You spent 5091 gold pieces at shops.

Inventory:

Hand Weapons
 g - the +14 lance "Wyrmbane" {slay drac, rPois rF+ rC+ AC+3}
   (You took it off Maggie on level 1 of the Lair of Beasts)

   AC+3:      It affects your AC (+3).
   rF+:       It protects you from fire.
   rC+:       It protects you from cold.
   rPois:     It protects you from poison
 y - a +8 heavy demon trident (weapon)
Missiles
 N - 5 throwing nets {!f}
Armour
 t - a scarf of resistance (worn)
 v - a +2 pair of gloves (worn)
 B - a +2 pair of boots (worn)
 S - the +4 fire dragon scales "Aguasi" (worn) {^Drain rPois rF++ rC- rN+ SInv}
   (You bought it in a shop on level 1 of the Orcish Mines)

   rF++:      It greatly protects you from fire.
   rC-:       It makes you vulnerable to cold.
   rPois:     It protects you from poison rN+: It protects you from negative
   energy.
   SInv:      It lets you see invisible.
   ^Drain:    It drains your maximum health when unequipped.
 W - the +3 crown of Dyrovepreva (worn) {rElec Int+2 SInv}
   (You bought it in a shop on level 2 of the Orcish Mines)

   Int+2:     It affects your intelligence (+2).
   rElec:     It insulates you from electricity.
   SInv:      It lets you see invisible.
 X - a +8 tower shield of cold resistance (worn)
Jewellery
 c - the ring of the Garden (right hand) {AC+4 Str+3 Dex+4}
   (You found it on level 2 of the Depths)

   [ring of protection]

   AC+4:      It affects your AC (+4).
   Str+3:     It affects your strength (+3).
   Dex+4:     It affects your dexterity (+4).
 m - the amulet of Wusicw {+Inv rN+ Regen+ Int+2 Dex+3}
   (You found it on level 2 of the Depths)

   [amulet of regeneration]

   Int+2:     It affects your intelligence (+2).
   Dex+3:     It affects your dexterity (+3).
   rN+:       It protects you from negative energy.
   +Inv:      It lets you turn invisible.
   Regen+:    It increases your rate of health regeneration.
 r - a ring of willpower (left hand)
 C - a ring of resist corrosion
 M - the amulet of Emnuddug (around neck) {Rampage +Inv rF- Regen+ Str+9}
   (You found it on level 4 of the Spider Nest)

   [amulet of regeneration]

   Str+9:     It affects your strength (+9).
   rF-:       It makes you vulnerable to fire.
   +Inv:      It lets you turn invisible.
   Regen+:    It increases your rate of health regeneration.
   Rampage:   It bestows one free step when moving towards enemies.
Wands
 o - a wand of flame (77)
 E - a wand of charming (9)
 G - a wand of iceblast (18)
 L - a wand of mindburst (31)
 T - a wand of polymorph (18)
 Y - a wand of quicksilver (25)
Scrolls
 a - 18 scrolls of teleportation
 f - 3 scrolls of immolation
 i - 9 scrolls of vulnerability
 n - a scroll of revelation {!r}
 p - 3 scrolls of fog
 u - 3 scrolls of enchant armour
 x - a scroll of torment
 A - 15 scrolls of blinking
 H - 5 scrolls of silence
 J - 6 scrolls of fear
 R - 7 scrolls of poison
 V - 18 scrolls of identify
Potions
 b - 3 potions of enlightenment
 d - 4 potions of lignification
 e - 8 potions of attraction
 h - 11 potions of curing
 j - 10 potions of mutation
 k - 6 potions of ambrosia
 l - 10 potions of brilliance
 q - 13 potions of heal wounds {!q}
 s - a potion of cancellation
 w - 6 potions of magic
 D - 3 potions of resistance
 I - a potion of berserk rage
 K - 8 potions of haste
 O - 4 potions of might
Miscellaneous
 z - a phial of floods
 P - a lightning rod (4/4)
 Q - a tin of tremorstones (1/2)


   Skills:
 + Level 21.5 Fighting
 - Level 18.0(21.6) Axes
 - Level 17.0(19.3) Polearms
 - Level 19.3 Armour
 - Level 14.9 Dodging
 - Level 22.2 Shields
 - Level 1.5 Spellcasting
 - Level 3.0 Conjurations
 O Level 27 Invocations
 - Level 11.8 Evocations


You had 25 spell levels left.
You knew the following spells:

 Your Spells              Type           Power      Damage    Failure   Level
y - Apportation           Tloc           2%         N/A       43%         1
B - Blink                 Tloc           2%         N/A       58%         2

Your spell library contained the following spells:

 Spells                   Type           Power      Damage    Failure   Level
 Magic Dart               Conj           40%        1d5       14%         1
 Searing Ray              Conj           20%        2d5       22%         2
 Kiss of Death            Conj/Necr      20%        2d7       26%         1
 Momentum Strike          Conj/Tloc      10%        3d8       36%         2
 Sandblast                Erth           2%         2d4       43%         1
 Slow                     Hex            4%         N/A       43%         1
 Cigotuvi's Dreadful Rot  Necr/Alch/Air  2%         N/A       58%         2
 Ensorcelled Hibernation  Hex/Ice        2%         N/A       58%         2
 Jinxbite                 Hex            2%         N/A       58%         2
 Lesser Beckoning         Tloc           2%         N/A       58%         2
 Dazzling Flash           Conj/Hex       10%        N/A       61%         3
 Hailstorm                Conj/Ice       5%         3d5       61%         3
 Stone Arrow              Conj/Erth      10%        3d7       61%         3
 Confusing Touch          Hex            1%         N/A       82%         3
 Frozen Ramparts          Ice            2%         1d1       82%         3
 Fugue of the Fallen      Necr           1%         N/A       82%         3
 Gell's Gravitas          Tloc           1%         N/A       82%         3
 Ozocubu's Armour         Ice            1%         N/A       82%         3
 Passwall                 Erth           1%         N/A       82%         3
 Sigil of Binding         Hex            1%         N/A       82%         3
 Summon Ice Beast         Ice/Summ       1%         N/A       82%         3
 Teleport Other           Tloc           1%         N/A       82%         3
 Vampiric Draining        Necr           1%         2d6       82%         3
 Volatile Blastmotes      Fire/Tloc      2%         2d10      82%         3
 Brom's Barrelling Bould  Conj/Erth      5%         2d3       95%         4
 Fulminant Prism          Conj/Alch      2%         3d5       95%         4
 Anguish                  Hex/Necr       0%         N/A       99%         4
 Cause Fear               Hex            0%         N/A       99%         4
 Dispel Undead            Necr           1%         3d6       99%         4
 Ignite Poison            Fire/Alch      1%         N/A       99%         4
 Leda's Liquefaction      Alch/Erth      0%         N/A       99%         4
 Manifold Assault         Tloc           1%         N/A       99%         4
 Martyr's Knell           Necr/Summ      1%         N/A       99%         4
 Petrify                  Alch/Erth      1%         N/A       99%         4
 Sticky Flame             Fire/Alch      1%         2d4       99%         4
 Vhi's Electric Charge    Tloc/Air       2%         N/A       99%         4
 Alistair's Intoxication  Alch           0%         N/A       100%        5
 Freezing Cloud           Conj/Ice/Air   2%         6-21      100%        5
 Metabolic Englaciation   Hex/Ice        0%         N/A       100%        5
 Summon Mana Viper        Hex/Summ       1%         N/A       100%        5
 Death Channel            Necr           0%         N/A       100%        6
 Sculpt Simulacrum        Ice/Alch       0%         N/A       100%        6
 Starburst                Conj/Fire      2%         6d3       100%        6
 Enfeeble                 Hex            0%         N/A       100%        7
 Monstrous Menagerie      Summ           0%         N/A       100%        7
 Ozocubu's Refrigeration  Ice            0%         4d7       100%        7
 Ignition                 Fire           0%         3d3       100%        8
 Maxwell's Capacitive Co  Air            0%         ∞         100%        8
 Polar Vortex             Ice            0%         N/A       100%        9


Dungeon Overview and Level Annotations

Branches:
Dungeon (15/15)            Temple (1/1) D:5            Lair (5/5) D:10
 Shoals (4/4) Lair:3       Spider (4/4) Lair:3        Slime (0/5) Lair:5
    Orc (2/2) D:9             Elf (0/3) Orc:2        Vaults (5/5) D:13
  Crypt (0/3) Vaults:3     Depths (4/4) D:15            Zot (5/5) Depths:4
  IceCv (visited)         Gauntlet (visited)

Altars:
Ashenzari
Cheibriados
Dithmenos
Elyvilon
Fedhas
Gozag
Hepliaklqana
Kikubaaqudgha
Makhleb
Nemelex Xobeh
Okawaru
Qazlal
Ru
Sif Muna
Trog
Uskayaw
Vehumet
Wu Jian
Xom
Yredelemnul
Zin
The Shining One
Beogh
Jiyva

Shops:
D:15 (   Orc:1 *[[   Orc:2 *?[**   Vaults:2 *   Vaults:3 ?   Vaults:5 ?
Depths:3 *

Portals:
Hell: Depths:1 Depths:2 Depths:3 Depths:4
Abyss: Depths:1 Depths:3
Pandemonium: Depths:2 Depths:4

Annotations:
D:5 3 runed translucent doors, TheOfficialSoup's ghost, novice MiFi
D:12 1 runed translucent door, exclusion: upstairs, Punchie's ghost, journeyman HOFi
Lair:4 2 transporters, exclusion: ice statue, Ceyroiss's ghost, journeyman HuWn
Spider:1 2 transporters, strontium90w's ghost, journeyman MiBe


Innate Abilities, Weirdness & Mutations

Your life essence is reduced to manifest your ancestor. (-10% HP)
You are clumsy. (Dex -2)
You are robust. (+10% HP)


Message History

The sixfirhy dies!
You hear a grinding noise. 2의 체력을 얻었습니다. 현재 체력은 [182/244] 입니다. 2의 체력을 얻었습니다. 현재 체력은 [185/244] 입니다.
You hear a grinding noise.
The cacodemon gestures at the rock wall.
You hear a grinding noise. 2의 체력을 얻었습니다. 현재 체력은 [189/244] 입니다.
Aiming: Dig
Press: ? - help, Shift-Dir - straight line A translucent rock wall.
This square is covered in magical glow.
The rock shatters into small pieces.
The now-empty wand crumbles to dust. 2의 체력을 얻었습니다. 현재 체력은 [192/244] 입니다.
Unknown command.
Ww8 is no longer moving quickly.
Ww8 blocks something's attack.
Something hits ww8 but does no damage.
Some rock shatters into small pieces.
Ww8 is recalled. 2의 체력을 얻었습니다. 현재 체력은 [196/244] 입니다. 현재 남은 마력은 [38/40] 입니다.
The cacodemon gestures at you. The bolt of devastation hits you!!
Your willpower is stripped away! 21의 피해를 받았습니다. 현재 남은 체력은 [175/244] 입니다. 2의 체력을 얻었습니다. 현재 체력은 [177/244] 입니다.
You hear a grinding noise. 2의 체력을 얻었습니다. 현재 체력은 [181/244] 입니다. 마력이 전부 회복되었습니다. (40) 2의 체력을 얻었습니다. 현재 체력은 [184/244] 입니다.
You feel your willpower return.
You hear a grinding noise. 2의 체력을 얻었습니다. 현재 체력은 [188/244] 입니다.
There is a staircase leading out of the dungeon here.
Hepliaklqana grants ww8 healing and protection! 2의 체력을 얻었습니다. 현재 체력은 [191/244] 입니다. 현재 남은 마력은 [36/40] 입니다.
Press: ? - help, v - describe, . - travel
Here: ww8 the knight, wielding a +0 broad axe of speed and wearing a +0 tower shield of reflection (idealised, reflecting blocked projectiles, friendly)
The floor.
You have escaped!

#....##.# #......#############.#
#.....>.# #.##.##..............#
###.##### #.##..################
#.# #.###.#.#.........# ###+##
#.###.....#######.# ##...##
#.##.....## #.#.# #.....##
#.........# #...# .......##
###.......## #.#.##
........####....@....####....####
........+.......R................
........####(.......#.###....####
.......## ##......##.# #...##
#.....## #....####.# ##.##
##...## #.#.## #.# #.# ##+## #.#2
#..# #.# #.# ##..4###...## #.#
#.# #######.......#####.#


You could see the friendly ww8 the knight (idealised, reflecting), a cacodemon
and an orange demon (ally target).

Vanquished Creatures
  2 ancient liches
  An orb of fire (Zot:5)
  A royal mummy (Zig:3)
  3 Killer Klowns (Zot:5)
  3 curse toes
  Saint Roka (Vaults:2)
  3 caustic shrikes (Depths:3)
  6 golden dragons
  8 tentacled monstrosities
  An electric golem (Zot:5)
  4 liches
  A walking crystal tome (Depths:3)
  Asterion (Spider:2)
  A walking frostbound tome (Depths:3)
  4 titans
  17 Orb Guardians
  A quicksilver dragon (Zot:4)
  6 sphinxes
  An Executioner (D:8)
  An ancient champion (Vaults:3)
  Polyphemus (Shoals:2)
  4 death cobs
  A tengu reaver (Vaults:5)
  4 shadow dragons
  10 storm dragons
  A deep elf sorcerer (Vaults:5)
  5 fire giants
  7 frost giants
  5 emperor scorpions
  4 draconian shifters
  2 draconian monks
  3 iron dragons
  A balrug (Depths:3)
  A draconian scorcher (Zot:2)
  A draconian stormcaller (Zot:3)
  17 vault wardens
  3 ghost moths
  2 orc warlords
  15 ironbound preservers
  A spriggan defender (Depths:3)
  A reaper (Depths:2)
  3 formless jellyfish
  A quicksilver ooze (Spider:1)
  11 stone giants
  2 draconian annihilators (Zot:2)
  3 broodmothers
  21 very ugly things
  2 vampire knights
  9 ironbound thunderhulks
  5 red draconians
  7 green draconians
  A deep elf annihilator (Vaults:5)
  A deep elf death mage (Vaults:5)
  5 white draconians
  5 purple draconians
  5 yellow draconians
  A lorocyproca (Zot:2)
  3 war gargoyles
  A minotaur (Gauntlet)
  A black draconian (Zot:3)
  The ghost of Punchie the Severer, a journeyman HOFi of Beogh (D:11)
  5 dire elephants
  6 spark wasps
  A blizzard demon (Zot:4)
  5 ettins
  5 merfolk impalers
  2 deep elf high priests
  7 entropy weavers
  2 merfolk javelineers
  6 great orbs of eyes
  12 yaktaur captains
  2 fire dragons
  3 rakshasas
  26 vault guards
  4 ice dragons
  7 hydras
  6 ironbound frosthearts
  A peacekeeper (Vaults:3)
  4 radroaches
  4 catoblepae
  A merfolk avatar (Shoals:4)
  7 satyrs
  2 two-headed ogres (shapeshifter)
  3 two-headed ogres
  The ghost of Biscolet the Marksant, a journeyman FoHu of Okawaru (D:11)
  An alligator snapping turtle (Zig:1)
  11 deep troll shamans
  A naga warrior (Zig:2)
  An orc high priest (Orc:1)
  7 boulder beetles
  A merfolk aquamancer (Shoals:3)
  3 ogre magi
  10 centaur warriors
  5 deep troll earth magi
  A sphinx skeleton (D:15)
  5 death yaks
  An occultist (Depths:2)
  3 hell hogs (D:10)
  A vampire mage (D:15)
  4 demonic crawlers
  A soul eater (D:5)
  7 spriggan berserkers
  6 hell knights
  2 sun demons
  A naga sharpshooter (Zig:2)
  9 iron trolls
  5 skeletal warriors
  A fire crab (Lair:5)
  5 skysharks
  7 pharaoh ants
  A storm dragon skeleton (Vaults:3)
  7 flayed ghosts
  A glowing orange brain (Depths:2)
  50 deep trolls
  2 orb spiders (Spider:4)
  A sun moth (Spider:4)
  6 sea snakes
  A cherub (D:8)
  8 arcanists
  A swamp dragon (Lair:5)
  A naga ritualist (Zig:2)
  An obsidian statue (IceCv)
  A bog body (IceCv)
  5 spriggan simulacra (IceCv)
  8 steelbarb worms
  13 ironbound convokers
  4 lindwurms
  A harpy (shapeshifter) (D:13)
  2 necromancers
  22 harpies
  A deep elf pyromancer (D:15)
  A phantasmal warrior (Vaults:2)
  9 orc knights
  5 cyclopes
  15 wolf spiders
  14 fauns
  3 orc sorcerers (Vaults:2)
  A shining eye (Gauntlet)
  An oklob plant (Lair:4)
  5 elephants
  17 manticores
  45 ugly things
  8 moths of wrath
  3 fire giant skeletons (Vaults:3)
  A toenail golem (Depths:4)
  7 merfolk sirens
  7 torpor snails
  3 water nymphs
  9 vault sentinels
  2 cane toads (shapeshifter)
  10 cane toads
  4 black mambas
  Maggie (Lair:1)
  A hellion (D:5)
  Jeremiah (Lair:1)
  A centaur skeleton (D:15)
  A rime drake (Lair:5)
  7 komodo dragons
  4 freezing wraiths
  An anaconda simulacrum (IceCv)
  3 tengu conjurers
  A tormentor (Depths:4)
  18 yaktaurs
  5 ice devils (IceCv)
  2 golden dragon simulacra (IceCv)
  A wolf spider simulacrum (D:15)
  A polar bear (shapeshifter) (D:14)
  8 trolls
  A polar bear (Lair:2)
  3 wind drakes
  21 merfolk
  5 hornets
  Grinder (D:3)
  A glass eye (Depths:2)
  8 dream sheep
  16 tarantellas
  27 blink frogs
  An alligator simulacrum (IceCv)
  12 snapping turtles
  An ettin zombie (Zig:3)
  A dream sheep (shapeshifter) (Vaults:2)
  20 jumping spiders
  A blink frog (shapeshifter) (Vaults:5)
  20 slime creatures
  A jumping spider (shapeshifter) (Vaults:5)
  A centaur simulacrum (D:15)
  5 spriggans
  8 culicivoras
  2 dire elephant simulacra (IceCv)
  3 shadows
  An ettin skeleton (Vaults:3)
  A golden eye (Gauntlet)
  2 water elementals
  A wyvern (Lair:5)
  48 yaks
  A redback simulacrum (D:14)
  A steam dragon (D:8)
  2 harpy simulacra (IceCv)
  A warg (Orc:1)
  23 redbacks
  6 minotaur simulacra (IceCv)
  10 vampire mosquitoes
  3 acid dragons
  15 water moccasins
  22 orc warriors
  4 swamp drakes (Lair:5)
  2 ice beasts (D:7)
  2 black bears
  14 ogres
  3 human skeletons (Vaults:3)
  18 wolves
  7 centaurs
  8 bullfrogs
  A gnoll sergeant (D:5)
  4 scorpions
  4 deep troll simulacra (IceCv)
  8 wights
  19 killer bees
  3 howler monkeys
  2 electric eels
  2 bombardier beetles
  A crimson imp (D:7)
  2 jellies
  A gnoll bouda (D:6)
  9 orc priests
  2 hounds
  6 iguanas
  3 sleepcaps
  8 orc wizards
  4 polar bear simulacra (Lair:2)
  3 wolf simulacra (Lair:2)
  4 adders
  9 gnolls
  3 white imps
  2 ufetubi (D:5)
  5 dart slugs
  4 ribbon worms
  42 orcs
  6 endoplasms
  11 giant cockroaches
  10 goblins
  11 hobgoblins
  7 jackals
  7 quokkas
  4 ball pythons
  2 bats
  5 frilled lizards
  12 kobolds
  3 rats
  2 river rat simulacra (Lair:2)
  A spectral weapon (Vaults:5)
  3 tentacles (Shoals:1)
1416 creatures vanquished.

Vanquished Creatures (collateral kills)
  A dread lich (Vaults:5)
  3 orbs of fire
  2 Killer Klowns
  Bai Suzhen (Spider:4)
  A curse toe (Zot:3)
  5 golden dragons
  Rupert (Orc:2)
  An Ice Fiend (D:3)
  4 tentacled monstrosities
  6 Orb Guardians (Zot:5)
  A titan (Vaults:5)
  2 quicksilver dragons
  A kraken (Shoals:1)
  4 sphinxes
  Frances (D:14)
  2 death cobs (Zot:5)
  A shadow dragon (Zot:5)
  3 tengu reavers
  4 storm dragons
  A fire giant (Vaults:5)
  An emperor scorpion (Spider:4)
  A draconian shifter (Zot:5)
  3 ghost moths
  2 draconian scorchers
  An orc warlord (Vaults:1)
  4 frost giants
  2 vault wardens
  A balrug (D:15)
  An angel (D:13)
  A demonspawn blood saint (Zot:4)
  10 very ugly things
  A draconian stormcaller (Zot:4)
  5 ironbound preservers
  An ironbound thunderhulk (Vaults:2)
  A draconian annihilator (Zot:2)
  2 black draconians
  A deep elf death mage (Vaults:5)
  A green draconian (Zot:5)
  2 dire elephants (Vaults:3)
  A minotaur (Shoals:4)
  2 white draconians
  7 stone giants
  2 lorocyprocas
  3 purple draconians
  The ghost of AugustDream the Severer, a journeyman HOCA of Ignis (D:11)
  4 spark wasps
  3 red draconians
  3 ettins
  2 merfolk impalers (Shoals:3)
  The ghost of geeeeen the Martial Artist, a journeyman GnWn of Cheibriados (D:11)
  4 yaktaur captains
  2 merfolk javelineers
  3 entropy weavers
  A great orb of eyes (Vaults:1)
  An ice dragon (Depths:3)
  9 vault guards (Vaults:5)
  The ghost of login18 the Fighter, a journeyman HuBe of Trog (D:11)
  A spriggan air mage (Depths:4)
  A rakshasa (Depths:2)
  A catoblepas (D:13)
  A hydra (D:13)
  4 ironbound frosthearts
  4 satyrs (Shoals:4)
  4 two-headed ogres
  11 centaur warriors
  3 tengu warriors
  A two-headed ogre (shapeshifter) (Depths:4)
  A death knight (D:13)
  A death yak (Shoals:1)
  A boulder beetle (D:14)
  A sphinx skeleton (D:15)
  8 deep troll shamans
  3 spriggan berserkers
  A hell hog (D:10)
  2 hell knights (Depths:2)
  2 deep troll earth magi
  3 demonic crawlers
  A skyshark (shapeshifter) (Vaults:5)
  A skyshark (Shoals:1)
  4 sun demons
  2 pharaoh ants (Spider:3)
  A flayed ghost (Depths:2)
  2 sixfirhies
  28 deep trolls
  4 skeletal warriors
  3 sea snakes
  2 spriggan simulacra (IceCv)
  2 iron trolls (Depths:4)
  A swamp dragon (shapeshifter) (Zig:4)
  A glowing orange brain (Vaults:3)
  3 arcanists
  A phantasmal warrior (Vaults:5)
  3 lindwurms
  4 orb spiders
  10 harpies
  A sun moth (Spider:3)
  A steelbarb worm (shapeshifter) (Depths:4)
  2 necromancers (D:15)
  A harpy (shapeshifter) (D:15)
  2 steelbarb worms
  4 ironbound convokers
  7 orc knights
  14 ugly things
  8 wolf spiders
  5 cyclopes
  A manticore (Shoals:4)
  An orc sorcerer (Orc:1)
  6 fauns
  An elephant (Lair:2)
  4 moths of wrath
  A merfolk siren (Shoals:2)
  A meliai (Vaults:5)
  5 vault sentinels
  A stone giant skeleton (Vaults:3)
  A centaur skeleton (D:15)
  A smoke demon (Depths:3)
  A black mamba (Lair:3)
  A water nymph (Shoals:2)
  4 torpor snails
  4 cane toads
  An unseen horror (D:10)
  7 yaktaurs
  An efreet (D:3)
  4 ice devils (IceCv)
  6 merfolk
  3 komodo dragons
  4 trolls
  4 hornets
  2 polar bears (Lair:2)
  5 tarantellas
  A harpy skeleton (D:15)
  2 wind drakes
  3 dream sheep
  5 blink frogs
  A snapping turtle (Shoals:1)
  7 culicivoras
  11 slime creatures
  14 jumping spiders
  3 spriggans (Depths:3)
  A vampire (D:9)
  An ettin skeleton (Vaults:3)
  2 wyverns
  18 yaks
  A shadow (Gauntlet)
  2 water elementals (Shoals:2)
  An ushabti (Zig:3)
  18 redbacks
  Eustachio (D:6)
  6 basilisks
  A steam dragon (D:9)
  2 vampire mosquitoes
  Menkaure (D:6)
  A harpy simulacrum (IceCv)
  4 minotaur simulacra (IceCv)
  A naga (shapeshifter) (D:15)
  8 water moccasins
  2 ice beasts (D:8)
  An ogre skeleton (Vaults:3)
  6 orc warriors
  A sky beast (D:7)
  6 wolves
  10 ogres
  4 centaurs (D:15)
  2 kobold brigands
  3 deep troll simulacra (IceCv)
  7 bullfrogs
  A scorpion (Lair:3)
  6 wights
  A lindwurm simulacrum (IceCv)
  8 killer bees
  2 howler monkeys
  2 bombardier beetles
  7 orc priests
  2 iguanas (Lair:5)
  10 orc wizards
  A wolf simulacrum (Lair:2)
  A yak simulacrum (Lair:2)
  3 mummies (Zig:3)
  A ribbon worm (Lair:3)
  22 orcs
  2 giant cockroaches (Lair:3)
  2 kobolds (D:9)
607 creatures vanquished.

Vanquished Creatures (others)
  2 caustic shrikes (Depths:3)
  3 yaktaurs
  A blink frog (Lair:5)
  2 culicivoras (Spider:4)
  2 redbacks
  A centaur (D:15)
  48 knights
  An orc wizard (Orc:1)
  2 ancestors
  7 tentacles (Shoals:1)
69 creatures vanquished.

Grand Total: 2092 creatures vanquished

Notes
Turn   | Place    | Note
-------+----------+-------------------------------------------
     0 | D:1      | ww7 the Hill Orc Reaver began the quest for the Orb.
     0 | D:1      | Reached XP level 1. HP: 18/18 MP: 3/3
   423 | D:1      | Reached XP level 2. HP: 25/25 MP: 4/4
  1405 | D:1      | Reached XP level 3. HP: 31/31 MP: 5/5
  1745 | D:2      | Reached skill level 5 in Axes
  1745 | D:2      | Reached skill level 1 in Armour
  2158 | D:2      | Reached XP level 4. HP: 38/38 MP: 6/6
  2672 | D:3      | Noticed Grinder
  2889 | D:4      | Noticed an ogre
  2900 | D:4      | Killed an ogre
  2901 | D:4      | Reached skill level 1 in Evocations
  2901 | D:4      | Reached XP level 5. HP: 13/46 MP: 7/7
  3905 | D:4      | Reached XP level 6. HP: 47/52 MP: 8/8
  4162 | D:4      | Reached skill level 1 in Shields
  4534 | D:5      | Entered Level 5 of the Dungeon
  4692 | D:5      | Noticed a black bear
  4721 | D:5      | Killed a black bear
  4722 | D:5      | Reached XP level 7. HP: 56/60 MP: 9/9
  4873 | D:5      | Reached skill level 5 in Fighting
  4942 | D:5      | Found a staircase to the Ecumenical Temple.
  4992 | Temple   | Entered the Ecumenical Temple
  5010 | Temple   | Became a worshipper of Hepliaklqana the Forgotten
  5080 | D:5      | Identified the orb of the Desert {*channel, Will+}
  5146 | D:5      | Found a runed translucent gate.
  5146 | D:5      | Found a runed translucent gate.
  5147 | D:5      | Found a runed translucent gate.
  5147 | D:5      | Noticed TheOfficialSoup's ghost (novice MiFi)
  5885 | D:3      | Killed Grinder
  5886 | D:3      | Reached XP level 8. HP: 20/69 MP: 10/10
  7198 | D:6      | Found a shimmering altar of Xom.
  7199 | D:6      | Found a hide-covered altar of Uskayaw.
  7199 | D:6      | Found a snail-covered altar of Cheibriados.
  7201 | D:6      | Found a glowing silver altar of Zin.
  7201 | D:6      | Found a white marble altar of Elyvilon.
  7203 | D:6      | Found a sparkling altar of Nemelex Xobeh.
  7205 | D:6      | Found an ornate altar of the Wu Jian Council.
  7207 | D:6      | Noticed Eustachio
  7275 | D:6      | Reached * piety under Hepliaklqana
  7444 | D:6      | Noticed Menkaure
  7453 | D:6      | Killed Menkaure
  7454 | D:6      | Reached skill level 10 in Axes
  7454 | D:6      | Reached skill level 5 in Armour
  7774 | D:6      | Reached XP level 9. HP: 65/70 MP: 11/11
  7855 | D:6      | Killed Eustachio
  8172 | D:7      | Reached skill level 5 in Shields
  8439 | D:7      | Found a basalt altar of Yredelemnul.
  8440 | D:7      | Found an opulent altar of Gozag.
  9155 | D:7      | Found a radiant altar of Vehumet.
  9156 | D:7      | Found a burning altar of Makhleb.
  9282 | D:7      | Reached XP level 10. HP: 73/79 MP: 9/12
  9389 | D:7      | Reached skill level 1 in Invocations
  9741 | D:8      | Reached skill level 2 in Invocations
 10000 | D:8      | Reached ** piety under Hepliaklqana
 10001 | D:8      | Remembered your ancestor ww8 as a knight
 10059 | D:8      | Reached skill level 3 in Invocations
 10782 | D:9      | Found an iron altar of Okawaru.
 11051 | D:9      | Reached skill level 4 in Invocations
 11158 | D:9      | Reached XP level 11. HP: 64/84 MP: 14/14
 11362 | D:9      | Reached skill level 5 in Invocations
 11885 | D:9      | Found a staircase to the Orcish Mines.
 11922 | D:10     | Entered Level 10 of the Dungeon
 11961 | D:10     | Found a staircase to the Lair.
 12082 | D:10     | Reached *** piety under Hepliaklqana
 12219 | D:10     | Reached skill level 6 in Invocations
 12484 | D:10     | Found a glowing golden altar of the Shining One.
 12553 | D:11     | Reached skill level 15 in Axes
 12647 | D:11     | Noticed a green ugly thing
 12647 | D:11     | Noticed a centaur warrior
 12647 | D:11     | Noticed a green ugly thing
 12653 | D:11     | Noticed a cyan ugly thing
 12653 | D:11     | Noticed an arcanist
 12655 | D:11     | Noticed a centaur warrior
 12659 | D:11     | Killed a centaur warrior
 13300 | D:12     | Noticed a cyclops
 13308 | D:12     | Reached skill level 7 in Invocations
 13326 | D:12     | Killed a cyclops
 13511 | D:12     | Noticed a cyclops
 13517 | D:12     | Killed a cyclops
 13518 | D:12     | Reached XP level 12. HP: 63/90 MP: 17/17
 13644 | D:12     | Found a runed translucent door.
 13644 | D:12     | Noticed Punchie's ghost (journeyman HOFi)
 14004 | D:11     | Found a runed translucent gate.
 14005 | D:11     | Found a runed translucent gate.
 14006 | D:11     | Noticed AugustDream's ghost (journeyman HOCA)
 14007 | D:11     | Found a runed translucent gate.
 14007 | D:11     | Noticed geeeeen's ghost (journeyman GnWn)
 14007 | D:11     | Noticed Biscolet's ghost (journeyman FoHu)
 14007 | D:11     | Noticed login18's ghost (journeyman HuBe)
 14007 | D:11     | Noticed Punchie's ghost (journeyman HOFi)
 14226 | D:11     | Reached skill level 8 in Invocations
 14249 | D:11     | Killed a centaur warrior
 14604 | D:11     | Noticed a boulder beetle
 14658 | D:11     | Killed a boulder beetle
 14870 | D:11     | Reached skill level 10 in Armour
 15892 | Lair:1   | Entered Level 1 of the Lair of Beasts
 15907 | Lair:1   | Noticed Maggie
 15922 | Lair:1   | Killed Maggie
 15980 | Lair:1   | Reached **** piety under Hepliaklqana
 15998 | Lair:1   | Reached skill level 10 in Shields
 16126 | Lair:1   | Noticed a catoblepas
 16141 | Lair:1   | Killed a catoblepas
 16177 | Lair:1   | Reached XP level 13. HP: 76/97 MP: 19/19
 16661 | Lair:1   | Noticed Jeremiah
 16692 | Lair:1   | Killed Jeremiah
 17141 | Lair:2   | Found a gate leading to a gauntlet.
 17178 | Gauntlet | Entered a Gauntlet
 17178 | Gauntlet | Found a transporter.
 17178 | Gauntlet | Found a transporter.
 17182 | Gauntlet | Found a runed translucent door.
 17184 | Gauntlet | Found a transporter.
 17186 | Gauntlet | Found a runed translucent door.
 17187 | Gauntlet | Found a transporter.
 17187 | Gauntlet | Found a transporter.
 17190 | Gauntlet | Found a transporter.
 17221 | Gauntlet | Found a transporter.
 17223 | Gauntlet | Found a transporter.
 17223 | Gauntlet | Found a transporter.
 17235 | Gauntlet | Found a transporter.
 17251 | Gauntlet | Found a transporter.
 17260 | Gauntlet | Found a runed translucent door.
 17261 | Gauntlet | Found a transporter.
 17262 | Gauntlet | Found a runed translucent door.
 17275 | Gauntlet | Found a transporter.
 17295 | Gauntlet | Found a transporter.
 17495 | Gauntlet | Identified the ring "Udghiwov" {Wiz +Blink}
 17551 | Gauntlet | Identified the +6 eveningstar of Gravity {freeze, ^Contam
                  | rN+ SInv}
 17551 | Gauntlet | Noticed a minotaur
 17571 | Gauntlet | Killed a minotaur
 17724 | Gauntlet | Identified the staff "Upsy" {+Blink rPois rN+ rCorr Stlth-
                  | Necro}
 17725 | Gauntlet | Got the Folio of Articulation
 17895 | Lair:2   | Reached ***** piety under Hepliaklqana
 17901 | Lair:2   | Identified the +5 ring mail of the Last Leylines {rC+ rN++
                  | Dex+3}
 17963 | Lair:2   | Reached skill level 1 in Polearms
 17974 | Lair:2   | Reached skill level 10 in Fighting
 18799 | Lair:3   | You fall into a shaft and drop 1 floor!
 18974 | Lair:4   | Found a transporter.
 18978 | Lair:4   | Noticed Ceyroiss's ghost (journeyman HuWn)
 19398 | Lair:4   | Found a transporter.
 19642 | Lair:5   | Entered Level 5 of the Lair of Beasts
 19656 | Lair:5   | Reached XP level 14. HP: 105/109 MP: 20/20
 20257 | Lair:5   | Reached skill level 5 in Polearms
 20368 | Lair:5   | Reached skill level 5 in Evocations
 21674 | Lair:5   | Found a viscous altar of Jiyva.
 21689 | Lair:5   | Found a staircase to the Slime Pits.
 21919 | Lair:3   | Found a staircase to the Shoals.
 21928 | Lair:3   | Reached XP level 15. HP: 119/119 MP: 21/21
 21971 | Lair:3   | Reached skill level 9 in Invocations
 22533 | Lair:3   | Found a hole to the Spider Nest.
 22810 | Orc:1    | Entered Level 1 of the Orcish Mines
 22890 | Orc:1    | Found a roughly hewn altar of Beogh.
 22890 | Orc:1    | Noticed an orc warlord
 22903 | Orc:1    | Killed an orc warlord
 23363 | Orc:1    | Found Ytzosuz's General Store.
 23436 | Orc:1    | Reached skill level 10 in Invocations
 23663 | Orc:1    | Found Fuyhith's Armour Boutique.
 23669 | Orc:1    | Bought a potion of mutation for 104 gold pieces
 23669 | Orc:1    | Bought a phial of floods for 520 gold pieces
 23669 | Orc:1    | Bought a wand of mindburst (6) for 109 gold pieces
 23687 | Orc:1    | Reached ****** piety under Hepliaklqana
 23755 | Orc:1    | Found Huorye Iher's Armour Boutique.
 24012 | Orc:2    | Entered Level 2 of the Orcish Mines
 24067 | Orc:2    | Found a roughly hewn altar of Beogh.
 24074 | Orc:2    | Found a staircase to the Elven Halls.
 24174 | Orc:2    | Found Geloinyq's Antique Armour Emporium.
 24174 | Orc:2    | Found Eforch's General Store.
 24184 | Orc:2    | Noticed Rupert
 24777 | Orc:2    | Found Loessae's Magic Scroll Shop.
 24786 | Orc:2    | Bought a scroll of teleportation for 36 gold pieces
 24786 | Orc:2    | Bought 2 scrolls of enchant weapon for 180 gold pieces
 24804 | Orc:2    | Found Gascheuwn's General Store.
 24815 | Orc:2    | Bought a wand of polymorph (1) for 15 gold pieces
 24815 | Orc:2    | Bought a wand of iceblast (6) for 158 gold pieces
 24815 | Orc:2    | Bought a throwing net for 33 gold pieces
 24847 | Orc:2    | Found Cuoddyal's Assorted Antiques.
 24880 | Orc:2    | Killed Rupert
 25316 | Orc:1    | Bought the +4 fire dragon scales "Aguasi" {^Drain rPois
                  | rF++ rC- rN+ SInv} for 940 gold pieces
 25331 | Orc:1    | Learned a level 1 spell: Apportation
 25334 | Orc:1    | Learned a level 2 spell: Blink
 25508 | Spider:1 | Entered Level 1 of the Spider Nest
 25545 | Spider:1 | Reached skill level 11 in Invocations
 25590 | Spider:1 | Reached XP level 16. HP: 126/126 MP: 24/24
 25591 | Spider:1 | Noticed Louise
 25793 | Spider:1 | Louise changed into Louise the quicksilver ooze
 25793 | Spider:1 | Noticed Louise
 25804 | Spider:1 | Killed Louise the quicksilver ooze
 26047 | D:11     | Killed AugustDream's ghost
 26061 | D:11     | Killed Biscolet's ghost
 26064 | D:11     | Killed Punchie's ghost
 26065 | D:11     | Killed geeeeen's ghost
 26083 | D:11     | Killed login18's ghost
 26379 | Spider:1 | Found a transporter.
 26479 | Spider:1 | Found a transporter.
 26592 | Spider:1 | Noticed strontium90w's ghost (journeyman MiBe)
 26616 | Spider:2 | Noticed Asterion
 27119 | Spider:2 | Found a glacial archway.
 27148 | IceCv    | Entered an ice cave
 27171 | IceCv    | Reached skill level 12 in Invocations
 27175 | IceCv    | Reached skill level 5 in Dodging
 28302 | IceCv    | Noticed an Ice Fiend
 28623 | IceCv    | Identified the +2 helmet of Fabulous Birdsong {rN+ Slay+2}
 28828 | Spider:2 | Killed Asterion
 29315 | Spider:3 | Reached skill level 15 in Armour
 29716 | Spider:3 | Reached XP level 17. HP: 133/133 MP: 26/26
 29872 | Spider:3 | Reached skill level 13 in Invocations
 30018 | Spider:3 | Reached skill level 15 in Shields
 30756 | Spider:4 | Entered Level 4 of the Spider Nest
 31491 | Spider:4 | Noticed Bai Suzhen
 32257 | Spider:4 | Killed Bai Suzhen
 32434 | Spider:4 | Reached skill level 14 in Invocations
 32502 | Spider:4 | Reached skill level 10 in Polearms
 32912 | Spider:4 | Got a gossamer rune of Zot
 33050 | Spider:4 | Reached XP level 18. HP: 139/139 MP: 28/28
 33182 | Spider:4 | Identified the amulet of Emnuddug {Rampage +Inv rF- Regen+
                  | Str+9}
 33484 | Shoals:1 | Entered Level 1 of the Shoals
 33673 | Shoals:1 | Identified the +3 long sword "Zataerah" {flame, rElec rF+
                  | rN+}
 34354 | Shoals:2 | Noticed Polyphemus
 34636 | Shoals:2 | Killed Polyphemus
 34940 | Shoals:2 | Reached skill level 15 in Invocations
 35386 | Shoals:3 | Found a runed translucent door.
 35399 | Shoals:3 | Identified the +8 mace of Domination {flame, Str+4 Stlth-}
 36041 | Shoals:4 | Entered Level 4 of the Shoals
 36285 | Shoals:4 | Identified the ring of the Wonderful Longan {rC- Will+
                  | Dex+7}
 36288 | Shoals:4 | Reached skill level 15 in Fighting
 36298 | Shoals:4 | Identified the +6 dagger "Gikielam" {protect, Will+ Dex+2}
 36314 | Shoals:4 | Paralysed by a sphinx for 4 turns
 36319 | Shoals:4 | Reached XP level 19. HP: 141/153 MP: 30/30
 36482 | Shoals:4 | Reached skill level 16 in Invocations
 36505 | Shoals:4 | Got a barnacled rune of Zot
 36729 | Shoals:4 | Identified the staff "Zucesibu" {rElec rN+ MP+9 Str+2 Tloc
                  | Air}
 37110 | D:13     | Found a gate to the Vaults.
 37737 | D:14     | Noticed Frances
 37746 | D:14     | Killed Frances
 38049 | D:14     | Found a snail-covered altar of Cheibriados.
 38625 | D:15     | Entered Level 15 of the Dungeon
 38645 | D:15     | Found Qegest's Weapon Emporium.
 38819 | D:15     | Found a staircase to the Depths.
 38847 | D:15     | Identified a scroll of acquirement
 38848 | D:15     | Acquired 1218 gold pieces
 39927 | Orc:2    | Bought the +3 crown of Dyrovepreva {rElec Int+2 SInv} for
                  | 1035 gold pieces
 39927 | Orc:2    | Found the +3 crown of Dyrovepreva {rElec Int+2 SInv}
 39962 | Orc:2    | Bought a potion of haste for 350 gold pieces
 39962 | Orc:2    | Bought a potion of haste for 350 gold pieces
 39962 | Orc:2    | Bought a scroll of fear for 140 gold pieces
 39966 | Orc:2    | Bought a wand of polymorph (3) for 147 gold pieces
 39966 | Orc:2    | Bought a wand of polymorph (4) for 196 gold pieces
 40582 | Vaults:1 | Entered Level 1 of the Vaults
 40827 | Vaults:1 | Reached skill level 17 in Invocations
 40918 | Vaults:1 | Reached XP level 20. HP: 165/165 MP: 32/32
 41283 | Vaults:1 | Reached skill level 10 in Dodging
 41979 | Vaults:2 | Identified the +2 ring mail of Loss {Will- Dex+5}
 42155 | Vaults:2 | Found Jotuure's Assorted Antiques.
 42163 | Vaults:2 | Bought a scroll of teleportation for 105 gold pieces
 42163 | Vaults:2 | Bought a scroll of teleportation for 105 gold pieces
 42711 | Vaults:2 | Noticed Saint Roka
 42732 | Vaults:2 | Killed Saint Roka
 43168 | Vaults:2 | Reached skill level 18 in Invocations
 43649 | Vaults:3 | Reached XP level 21. HP: 178/178 MP: 34/34
 43989 | Vaults:3 | Identified the +5 quick blade of a treasure trove {flame,
                  | rElec Int+2}
 43991 | Vaults:3 | Paralysed by a formless jellyfish for 1 turns
 44153 | Vaults:3 | Reached skill level 10 in Evocations
 44180 | Vaults:3 | Found a staircase to the Crypt.
 44670 | Vaults:3 | Reached skill level 19 in Invocations
 44805 | Vaults:3 | Found Miokioro's Magic Scroll Shoppe.
 44814 | Vaults:3 | Bought a scroll of fear for 60 gold pieces
 44814 | Vaults:3 | Bought a scroll of teleportation for 45 gold pieces
 44814 | Vaults:3 | Bought a scroll of teleportation for 45 gold pieces
 44814 | Vaults:3 | Bought a scroll of teleportation for 45 gold pieces
 44814 | Vaults:3 | Bought a scroll of teleportation for 45 gold pieces
 45065 | Vaults:4 | Paralysed by a sphinx for 2 turns
 46835 | Vaults:5 | Entered Level 5 of the Vaults
 46853 | Vaults:5 | Reached XP level 22. HP: 124/189 MP: 35/35
 47008 | Vaults:5 | Found Jeriest's Magic Scroll Shop.
 47038 | Vaults:5 | Bought a scroll of revelation for 82 gold pieces
 47038 | Vaults:5 | Bought a scroll of enchant weapon for 82 gold pieces
 47038 | Vaults:5 | Bought a scroll of enchant armour for 82 gold pieces
 47038 | Vaults:5 | Bought a scroll of revelation for 82 gold pieces
 47188 | Vaults:5 | Reached skill level 20 in Invocations
 47336 | Vaults:5 | Noticed an ancient lich
 47345 | Vaults:5 | Killed an ancient lich
 47459 | Vaults:5 | Noticed a dread lich
 47474 | Vaults:5 | Killed a dread lich
 47524 | Vaults:5 | Found the +7 captain's cutlass {speed, disarm}
 47592 | Vaults:5 | Got a silver rune of Zot
 47632 | Vaults:5 | Identified the +1 robe of Articulation {rElec rF+}
 47690 | Vaults:5 | Noticed an ancient lich
 47690 | Vaults:5 | Identified the +5 glaive "Padic" {spect, rPois SInv}
 47716 | Vaults:4 | Killed an ancient lich
 48077 | Vaults:5 | Reached XP level 23. HP: 196/198 MP: 37/37
 48850 | Depths:1 | Entered Level 1 of the Depths
 49084 | Depths:1 | Found a one-way gate to the infinite horrors of the Abyss.
 49154 | Depths:1 | Reached skill level 21 in Invocations
 49272 | Depths:1 | Found a gateway to Hell.
 49334 | Depths:1 | You fall into a shaft and drop 1 floor!
 49491 | Depths:2 | Identified the amulet of Wusicw {+Inv rN+ Regen+ Int+2
                  | Dex+3}
 49610 | Depths:2 | Noticed a golden dragon
 49623 | Depths:2 | Killed a golden dragon
 49785 | Depths:2 | Noticed a golden dragon
 49791 | Depths:2 | Killed a golden dragon
 49800 | Depths:2 | Identified the +5 shortbow "Ycvi" {elec, Str+2 Stlth+}
 50278 | Depths:2 | Found a broken altar of Ashenzari.
 50414 | Depths:2 | Found a one-way gate leading to the halls of Pandemonium.
 51035 | Depths:2 | Identified the ring of the Garden {AC+4 Str+3 Dex+4}
 51080 | Depths:2 | Noticed a golden dragon
 51097 | Depths:2 | Noticed a golden dragon
 51098 | Depths:2 | Killed a golden dragon
 51107 | Depths:2 | Killed a golden dragon
 51253 | Depths:3 | Reached skill level 15 in Polearms
 51261 | Depths:3 | Reached XP level 24. HP: 183/205 MP: 37/37
 51325 | Depths:3 | Noticed a caustic shrike
 51564 | Depths:3 | Identified the ring "Veivup" {rElec rPois AC+4}
 51699 | Depths:3 | Reached skill level 22 in Invocations
 51742 | Depths:3 | Noticed a caustic shrike
 51743 | Depths:3 | Noticed a caustic shrike
 51743 | Depths:3 | Noticed a caustic shrike
 51744 | Depths:3 | Noticed a caustic shrike
 51745 | Depths:3 | Identified the amulet "Nojahol" {RegenMP Harm rF+++ Str-2}
 51758 | Depths:3 | Killed a caustic shrike
 51764 | Depths:3 | Killed a caustic shrike
 51768 | Depths:3 | Killed a caustic shrike
 51845 | Depths:3 | Found a hide-covered altar of Uskayaw.
 51935 | Depths:3 | Identified the +2 leather armour of Tysu {Regen+ Int+5
                  | Dex+2 Stlth+}
 52064 | Depths:3 | Found Venn's General Store.
 52203 | Depths:4 | Entered Level 4 of the Depths
 52265 | Depths:4 | Found a one-way gateway to a ziggurat.
 52447 | Depths:4 | Found a sacrificial altar of Ru.
 52688 | Depths:4 | Found a gate to the Realm of Zot.
 53328 | Zig:1    | Entered Level 1 of a ziggurat
 53345 | Zig:2    | Entered Level 2 of a ziggurat
 53360 | Zig:3    | Entered Level 3 of a ziggurat
 53360 | Zig:3    | Noticed a royal mummy
 53372 | Zig:3    | Killed a royal mummy
 53485 | Zig:4    | Entered Level 4 of a ziggurat
 53493 | Zig:4    | Reached XP level 25. HP: 204/211 MP: 38/38
 53605 | Zot:1    | Entered Level 1 of the Realm of Zot
 53729 | Zot:2    | Noticed an orb of fire
 53736 | Zot:2    | Killed an orb of fire
 53949 | Zot:3    | Noticed a Killer Klown
 53950 | Zot:3    | Reached skill level 23 in Invocations
 53961 | Zot:3    | Killed a Killer Klown
 54487 | Zot:4    | Found the brooch of Shielding {Spirit SH+8}
 54924 | Zot:5    | Entered Level 5 of the Realm of Zot
 55202 | Zot:5    | Reached skill level 24 in Invocations
 55447 | Zot:5    | Noticed an orb of fire
 55448 | Zot:5    | Noticed a Killer Klown
 55448 | Zot:5    | Noticed a Killer Klown
 55494 | Zot:5    | Noticed an orb of fire
 55503 | Zot:5    | Killed a Killer Klown
 55504 | Zot:5    | Noticed a Killer Klown
 55507 | Zot:5    | Killed an orb of fire
 55515 | Zot:5    | Killed a Killer Klown
 55515 | Zot:5    | Gained mutation: You do not regenerate when monsters are
                  | visible. [an orb of fire]
 55516 | Zot:5    | Reached skill level 25 in Invocations
 55516 | Zot:5    | Reached XP level 26. HP: 202/219 MP: 39/39
 55524 | Zot:5    | Killed an orb of fire
 55564 | Zot:5    | Lost mutation: You do not regenerate when monsters are
                  | visible. [potion of mutation]
 55564 | Zot:5    | Gained mutation: You are clumsy. (Dex -2) [potion of
                  | mutation]
 55564 | Zot:5    | Gained mutation: You are robust. (+10% HP) [potion of
                  | mutation]
 55650 | Zot:5    | Noticed an orb of fire
 55665 | Zot:5    | Killed a Killer Klown
 55673 | Zot:5    | Killed an orb of fire
 55707 | Zot:5    | Noticed a Killer Klown
 55710 | Zot:5    | Killed a Killer Klown
 55728 | Zot:5    | Reached skill level 26 in Invocations
 55775 | Zot:5    | Got the Orb of Zot
 56098 | D:15     | Reached skill level 27 in Invocations
 56106 | D:15     | Noticed a seraph
 56295 | D:8      | Noticed Woyneamu the pandemonium lord
 56309 | D:7      | Noticed Xaythrac the pandemonium lord
 56486 | D:$      | Escaped with the Orb!

Illustrated notes

Levels and vault maps discovered:
D:1:      dpeg_arrival_orchard, layout_loops_corners, serial_co_window_serial,
          co_window_paths_a, co_window_paths_a, co_window_paths_b,
          co_window_paths_a, co_window_corner_a, co_window_corner_a,
          co_window_corner_a, co_window_paths_c, co_window_2corner,
          co_window_paths_c, co_window_4corner_b, co_window_sun
D:2:      layout_loops_cross, minmay_tetromino_i4
D:3:      minmay_spotlight, layout_basic, serial_bayou_lagoon_b, uniq_grinder
D:4:      cheibrodos_barr_body, layout_basic
D:5:      layout_loops_ring, minmay_temple_entry_statues_fountains,
          gammafunk_ghost_nasty_kobolds
D:6:      layout_loops_ring, grunt_temple_overflow_open, uniq_eustachio,
          uniq_menkaure
D:7:      minmay_recursive_quarters, layout_loops_ring,
          mainiacjoe_overflow_catch_the_wave,
          grunt_temple_overflow_lords_of_destruction, kennysheep_generic_room_11
D:8:      layout_layer_cave
D:9:      layout_cave_pools, okawaru_trees_1, david_orc_4
D:10:     layout_rooms, nicolae_tso_swordbearing_angel, lair_entry_dummy
D:11:     layout_basic, gammafunk_ghost_cemetery, minivault_28
D:12:     layout_roguey, gammafunk_ghost_grave
D:13:     layout_roguey, hellmonk_vaults_order_and_chaos
D:14:     layout_irregular_city, cheibriados_altar_1, uniq_frances
D:15:     gammafunk_depths_entry_grave, layout_gridville,
          minmay_strange_pillars, serial_shops,
          nicolae_shop_bloodbath_and_beyond
Temple:   hellmonk_temple_forest_ring
Lair:1:   layout_chaotic_city, chequers_serial_rivers_small_a,
          beast_lair_carwin_6, grunt_megastairs_5, uniq_jeremiah, uniq_maggie
Lair:2:   layout_regular_city, gauntlet_entry_generic, eino_house_with_fridge
Lair:3:   layout_roguey, minmay_shoals_entry_centaurs,
          nicolae_spider_entry_non_spiders, beast_lair_carwin_9
Lair:4:   layout_regular_city, nzn_ghost_randoct
Lair:5:   hangedman_lair_in_review, layout_regular_city,
          guppyfry_lair_end_dragon, slime_entry_1, infiniplex_staircase_pool,
          grunt_megastairs_1
Shoals:1: layout_shoals, nicolae_shoals_circle_sea_wall
Shoals:2: layout_shoals, uniq_polyphemus
Shoals:3: layout_shoals, lightli_airlock
Shoals:4: shoals_end_hellmonk_lost_city
Spider:1: layout_spider_delve, gammafunk_ghost_mausoleum, uniq_louise
Spider:2: layout_spider_delve, portal_ice_cave_entry_frozen_things,
          uniq_asterion
Spider:3: layout_spider_delve, nicolae_spider_spiderdrome
Spider:4: grunt_spider_rune_parallel, nicolae_spider_nooks_and_crannies,
          uniq_bai_suzhen
Orc:1:    layout_diamond_mine, special_room [special_room_orc], serial_shops,
          shop, guppyfry_orc_lava_fort
Orc:2:    st_orc_open, layout_caves, basic_altar, serial_shops, shop,
          special_room, uniq_rupert
Vaults:1: nicolae_vaults_cochlea, nicolae_vaults_hexular_roomagon,
          nicolae_vaults_display_case, vaults_room_corners,
          nicolae_vaults_spaceships, nicolae_vaults_windows_and_doors_thing,
          nicolae_vaults_what_the_h, hangedman_vaults_nails,
          nicolae_vaults_variable_pillar_hall_cross,
          nicolae_vaults_angled_halls, vaults_mumra_minichess_inversion,
          layout_vaults_big_room
Vaults:2: v_alt_pattern_2, vaults_mumra_hex, grunt_vaults_funnel,
          nicolae_vaults_shipping_containers_7, v_misc_17,
          vaults_dpeg_encased_lava, vaults_room_pools, ontoclasm_vaults_chip,
          layout_vaults_quadrants, serial_shops, shop, uniq_saint_roka
Vaults:3: minmay_crypt_entry_skeletal_spiral, dpeg_vaults_monster_row,
          nicolae_vaults_closet_pinwheel_4, vaults_room_fours,
          nicolae_vaults_wine_cellar, v_rooms_4, hangedman_vaults_stream,
          nicolae_vaults_gold_heap, layout_vaults_omnibox, serial_shops,
          nicolae_shop_advertising_works [nicolae_subvault_shop_adworks]
Vaults:4: nicolae_vaults_good_morning_starshine, v_rooms_3, v_alt_pattern_2,
          v_misc_30, nicolae_vaults_cornered_office, vaults_mumra_chevron_long,
          nicolae_vaults_sesquioval_fish, nicolae_vaults_network_barrier,
          v_misc_15, ontoclasm_vaults_bender, nicolae_vaults_theta,
          layout_vaults_maze
Vaults:5
Depths:1: layout_cave_pools, minmay_misc_feat_rows, hell_entry,
          serial_column_ruins, column_ruins_portal_astroid,
          column_ruins_columns_corner, column_ruins_open_tiny,
          column_ruins_columns_straight, column_ruins_grid_1,
          minmay_misc_feat_encased, drop_trap, lemuel_nasty_fountain
Depths:2: minmay_box_of_curves, layout_gridlike, grunt_hell_entry_dis_mu,
          rand_demon_pan_entry_4, evilmike_ruin_ashenzari
Depths:3: grunt_arcs, layout_cave_pools, serial_shops, nicolae_square_shop,
          lightli_too_deep, abyss_entry_small_statue_room,
          nicolae_uskayaw_dance_hall
Depths:4: grunt_zot_entry_alcove, layout_gridville, enter_ziggurat_a,
          grunt_pan_entry_spiral, pf_hell_entry_tar_spiral,
          nicolae_ru_awakened_eye
Zot:1:    layout_gridlike, lemuel_baited_zot_trap
Zot:2:    layout_concentric_octagons, uniq_josephina
Zot:3:    layout_gridlike, gammafunk_ghost_berserking_beasts, grunt_ministairs_4
Zot:4:    layout_misc_corridors, regret_index_zotdec_banners
Zot:5:    layout_gridlike, grunt_ministairs_14, lemuel_baited_zot_trap

Skill      XL: |  1  2  3  4  5  6  7  8  9 10 11 12 13 14 15 16 17 18 19 20 21 22 23 24 25 26 |
---------------+-------------------------------------------------------------------------------+-----
Fighting       | 3 4 5 6 7 8 10 12 15 17 19 20 21 | 21.5
Axes           | 5 6 7 8 10 12 14 15 17 18 | 18.0
Armour         | 1 2 3 4 5 6 7 9 10 11 13 14 15 16 17 18 19 | 19.3
Evocations     | 1 3 6 7 8 9 11 | 11.8
Shields        | 2 3 4 6 7 8 10 11 12 13 14 15 16 17 18 19 20 21 22 | 22.2
Invocations    | 4 7 8 11 12 14 15 17 18 19 20 21 22 25 27 | 27.0
Polearms       | 3 6 8 10 11 12 13 15 16 17 | 17.0
Dodging        | 3 5 7 8 9 10 11 12 13 14 | 14.9
Spellcasting   | |  1.5
Conjurations   | |  3.0

Action                     |  1- 3 |  4- 6 |  7- 9 | 10-12 | 13-15 | 16-18 | 19-21 | 22-24 | 25-27 || total
---------------------------+-------+-------+-------+-------+-------+-------+-------+-------+-------++-------
  Melee: Hand axe          |   151 |   242 |   402 |    19 |       |       |       |    27 |       ||   841
         Punch             |     1 |     2 |       |       |       |       |       |       |       ||     3
         War axe           |       |       |       |   478 |       |       |       |       |       ||   478
         Lance             |       |       |       |    86 |  1354 |   299 |       |    21 |       ||  1760
         Demon trident     |       |       |       |       |       |  1118 |  1116 |  1007 |   446 ||  3687
  Throw: Dart              |       |       |     4 |     5 |     7 |     1 |       |       |       ||    17
         Throwing net      |       |       |       |       |       |     1 |       |       |       ||     1
 Invoke: Ancestor Identity |       |       |     1 |       |       |       |       |       |       ||     1
         Recall Ancestor   |       |       |     1 |    14 |    19 |    30 |     8 |    12 |    10 ||    94
         Ancestor Life: Kn |       |       |       |     1 |       |       |       |       |       ||     1
         Transference      |       |       |       |     1 |     2 |     1 |       |       |       ||     4
         Idealise          |       |       |       |       |     3 |     5 |     3 |     4 |    12 ||    27
  Evoke: Wand              |       |    10 |     7 |     6 |    12 |    30 |     3 |     8 |     7 ||    83
         Lightning rod     |       |       |       |       |    10 |    13 |     3 |     1 |       ||    27
         Tin of tremorston |       |       |       |       |     2 |     6 |     2 |     3 |     2 ||    15
         Phial of floods   |       |       |       |       |     1 |     2 |       |     1 |     1 ||     5
    Use: Scroll            |       |     4 |    12 |     8 |     4 |    14 |    10 |    10 |     6 ||    68
         Potion            |       |     2 |       |     3 |     1 |     3 |     3 |     2 |     1 ||    15
   Stab: Distracted        |       |       |     1 |     7 |    11 |    15 |    15 |    18 |    15 ||    82
         Petrified         |       |       |       |       |     2 |     4 |       |       |       ||     6
         Invisible         |       |       |       |       |       |       |       |     3 |       ||     3
 Armour: Chain mail        |    83 |   103 |   189 |       |       |       |       |       |       ||   375
         Leather armour    |     6 |       |       |       |       |       |       |       |       ||     6
         Ring mail         |       |       |    27 |   338 |   322 |       |       |       |       ||   687
         Fire dragon scale |       |       |       |       |    22 |   550 |   335 |   313 |   127 ||  1347
         Skin              |       |       |       |       |       |       |     4 |       |       ||     4
  Dodge: Dodged            |    56 |   178 |   170 |   323 |   297 |   460 |   221 |   278 |   102 ||  2085
  Block: Kite shield       |       |    56 |   166 |   287 |   371 |    59 |       |       |       ||   939
         Tower shield      |       |       |       |       |       |  1114 |   846 |   694 |   416 ||  3070
